 Dungeon Crawl Stone Soup version 0.18-a0-1797-gc18daef (webtiles) character file.

2417 M4edhros the Martial Artist (level 9, 0/51 HPs)
             Began as an Octopode Necromancer on Apr 22, 2016.
             Was a Follower of Cheibriados.
             Slain by an orc warrior
             ... wielding a +0 trident
              (21 damage)
             ... on level 9 of the Dungeon.
             The game lasted 00:18:50 (2650 turns).

M4edhros the Martial Artist (Octopode Necromancer)  Turns: 2650, Time: 00:18:51

Health: 0/51       AC:  1    Str: 11    XL:     9   Next: 47%
Magic:  17/19      EV: 13    Int: 20    God:    Cheibriados [*.....]
Gold:   271        SH:  0    Dex: 18    Spells: 3 memorised, 7 levels left

rFire  . . .     SeeInvis .     E - +1 dagger (pain)
rCold  . . .     Gourm    .     (no shield)
rNeg   . . .     Faith    .     (helmet restricted)
rPois  .         Spirit   .     f - amulet of regeneration
rElec  .         Dismiss  .     e - ring of magical power
rCorr  .         Reflect  .     (no ring)
SustAt .         Harm     .     (no ring)
MR     +....     Clarity  +     (no ring)
Stlth  +++++.....               (no ring)
                                (no ring)
                                (no ring)
                                (no ring)

@: very slow, somewhat resistant to hostile enchantments, quite stealthy
A: almost no armour, amphibious, 8 rings, constrict 8, camouflage 1, clarity,
low mp 1, magic resistance 1, gelatinous body 1
a: Bend Time, Renounce Religion


You were on level 9 of the Dungeon.
You worshipped Cheibriados.
Cheibriados was aware of your devotion.
You were not hungry.

You visited 2 branches of the dungeon, and saw 10 of its levels.

You collected 271 gold pieces.

Inventory:

Hand Weapons
 j - a +2 flail of protection
 B - a +0 blowgun
 E - a +1 dagger of pain (weapon)
 F - a +1 short sword of venom
 I - a +0 blowgun
Missiles
 g - 71 sling bullets (quivered)
 o - 93 stones
 w - a throwing net
 J - 8 poisoned needles
Armour
 y - a +0 shield
Jewellery
 e - a ring of magical power (left tentacle)
 f - an amulet of regeneration (around mantle)
 H - an uncursed amulet of magic regeneration {unknown}
Wands
 i - a wand of flame (11/48)
 q - a wand of flame (20/48)
Scrolls
 h - 2 scrolls of enchant armour {unknown}
 k - 2 scrolls of remove curse {unknown}
 l - a scroll of magic mapping {unknown}
 s - a scroll of acquirement {unknown}
 A - a scroll of random uselessness {unknown}
 K - a scroll of identify
Potions
 d - 2 potions of cure mutation
 p - 2 potions of degeneration {unknown}
 r - 2 potions of heal wounds {unknown}
 t - a potion of curing
 u - a potion of invisibility {unknown}
 v - a potion of brilliance {unknown}
 x - a potion of lignification {unknown}
 z - a potion of ambrosia {unknown}
 C - a potion of might {unknown}
 D - a potion of flight {unknown}
Books
 a - a book of Necromancy

   Spells                             Type                      Level
   a - Pain                           Necromancy                   1
   b - Animate Skeleton               Necromancy                   1
   c - Vampiric Draining              Necromancy                   3
   d - Regeneration                   Charms/Necromancy            3
   e - Animate Dead                   Necromancy                   4
   f - Control Undead                 Necromancy                   4
Comestibles
 b - 4 bread rations
 c - 6 chunks of flesh
 n - a slice of pizza
 G - 2 meat rations
 L - a royal jelly


   Skills:
 - Level 2.0 Dodging
 - Level 2.6 Stealth
 * Level 7.0 Shields
 - Level 8.4 Unarmed Combat
 - Level 2.0 Spellcasting
 * Level 7.0 Necromancy


You had 7 spell levels left.
You knew the following spells:

 Your Spells              Type           Power        Failure   Level  Hunger
a - Pain                  Necr           ####         1%          1    #......
b - Animate Skeleton      Necr           N/A          1%          1    #......
r - Regeneration          Chrm/Necr      ###.......   12%         3    ###....


Dungeon Overview and Level Annotations

Branches:
Dungeon (9/15)             Temple (1/1) D:5            Lair (0/8) D:9
    Orc: D:9-12

Altars:
Ashenzari
Cheibriados
Dithmenos
Elyvilon
Fedhas
Kikubaaqudgha
Makhleb
Nemelex Xobeh
Pakellas
Qazlal
Ru
Trog
Vehumet
Xom
Yredelemnul
The Shining One

Annotations:
D:5 Grinder


Innate Abilities, Weirdness & Mutations

You cannot wear most types of armour.
You are amphibious.
You can wear up to eight rings at the same time.
You can use your tentacles to constrict eight enemies at once.
Your skin changes colour to match your surroundings (Stealth).
Your rubbery body absorbs attacks (AC +1).
You possess an exceptional clarity of mind.
Your magical capacity is low (-10% MP).
You are resistant to hostile enchantments.


Message History

The orc warrior hits you with a trident!
You hit the orc warrior but do no damage.
The orc warrior is severely wounded.
You constrict the orc warrior.
The orc warrior hits you with a trident!!
* * * LOW HITPOINT WARNING * * *
Drink which item? (? for menu, Esc to quit)
You feel better.
You constrict the orc warrior, but do no damage.
You hit the orc warrior but do no damage.
You squeeze the orc warrior.
The orc warrior is severely wounded.
You constrict the orc warrior, but do no damage.
The orc warrior barely misses you.
An orc comes into view.
It is wielding a morningstar of protection.
You hit the orc warrior.
The orc warrior writhes in agony.
The orc warrior is almost dead.
You constrict the orc warrior.
The orc warrior hits you with a trident!!
You die...

#. #. #.≈ #..o #.≈≈#
#.≈≈.#
#Z≈≈.o##############
#.≈8≈≈@≈≈≈≈≈≈≈≈≈≈≈≈≈
#.8≈≈≈≈≈≈≈≈≈≈≈≈≈≈≈≈≈
#....Zh.............
#..............)....
############[###.##
#...# #.### ## #...#
.# ###.###.#


You could see an orc warrior, a black bear, an orc, a friendly two-headed ogre
skeleton and a friendly troll skeleton.

Vanquished Creatures
  A two-headed ogre (D:9)
  Menkaure (D:6)
  An orc warrior (D:7)
  2 sky beasts
  A phantom (D:8)
  3 centaurs
  An ogre (D:6)
  A big kobold (D:8)
  3 giant frogs
  A scorpion (D:9)
  A howler monkey (D:6)
  A crimson imp (D:5)
  4 orc priests
  3 hounds
  2 jellies (D:6)
  An iguana (D:8)
  3 orc wizards
  2 worker ants (D:6)
  A hound skeleton (D:9)
  2 adders
  A shadow imp (D:6)
  An adder skeleton (D:4)
  9 orcs
  A goblin (D:2)
  3 hobgoblins
  12 jackals
  2 quokkas
  2 giant newts
  4 kobolds
  A quokka skeleton (D:4)
71 creatures vanquished.

Vanquished Creatures (collateral kills)
  A troll (D:9)
  A hippogriff (D:7)
  Duvessa (D:7)
  A wyvern zombie (D:7)
  Dowan (D:7)
  A howler monkey (D:6)
  2 orc priests (D:7)
  A jelly (D:7)
  An orc wizard (D:7)
  A shadow imp (D:8)
  A giant cockroach (D:7)
  2 jackals
14 creatures vanquished.

Grand Total: 85 creatures vanquished

Notes
Turn   | Place    | Note
--------------------------------------------------------------
     0 | D:1      | M4edhros the Octopode Necromancer began the quest for the Orb.
     0 | D:1      | Reached XP level 1. HP: 11/11 MP: 3/3
    89 | D:2      | Reached skill level 1 in Unarmed Combat
   110 | D:2      | Found a basalt altar of Yredelemnul.
   287 | D:4      | Reached XP level 2. HP: 6/17 MP: 5/5
   319 | D:3      | Reached skill level 2 in Unarmed Combat
   341 | D:3      | Learned a level 1 spell: Animate Skeleton
   380 | D:3      | Reached XP level 3. HP: 15/21 MP: 6/6
   385 | D:3      | Learned a level 3 spell: Regeneration
   483 | D:5      | Entered Level 5 of the Dungeon
   489 | D:5      | Reached skill level 3 in Unarmed Combat
   489 | D:5      | Reached XP level 4. HP: 27/27 MP: 7/7
   530 | D:5      | Noticed a sky beast
   532 | D:5      | Noticed Grinder
   546 | D:5      | Killed a sky beast
   546 | D:5      | Reached skill level 4 in Unarmed Combat
   546 | D:5      | Reached XP level 5. HP: 28/31 MP: 8/8
   871 | D:5      | Found a glowing golden altar of the Shining One.
   880 | D:5      | Noticed a centaur
   899 | D:5      | Reached skill level 5 in Unarmed Combat
   926 | D:5      | Killed a centaur
   926 | D:5      | Reached XP level 6. HP: 17/36 MP: 9/9
  1122 | D:6      | Reached skill level 6 in Unarmed Combat
  1181 | D:6      | Noticed a sky beast
  1200 | D:6      | Killed a sky beast
  1200 | D:6      | Reached XP level 7. HP: 31/41 MP: 3/10
  1204 | D:6      | Gained mutation: You possess an exceptional clarity of mind. [mutagenic meat]
  1205 | D:6      | Gained mutation: Your magical capacity is low (-10% MP). [mutagenic meat]
  1206 | D:6      | Gained mutation: You are resistant to hostile enchantments. [mutagenic meat]
  1229 | D:6      | Reached skill level 7 in Unarmed Combat
  1321 | D:7      | Reached skill level 1 in Shields
  1324 | D:7      | Noticed a hippogriff
  1338 | D:7      | Killed a hippogriff
  1384 | D:7      | Noticed Duvessa
  1384 | D:7      | Noticed Dowan
  1395 | D:7      | Killed Duvessa
  1396 | D:7      | Killed Dowan
  1449 | D:7      | Reached XP level 8. HP: 46/46 MP: 9/9
  1506 | D:7      | Reached skill level 8 in Unarmed Combat
  1907 | D:6      | Noticed Menkaure
  1921 | D:6      | Killed Menkaure
  1934 | D:6      | Found a shadowy altar of Dithmenos.
  1947 | D:6      | Reached skill level 5 in Shields
  1947 | D:6      | Reached skill level 5 in Necromancy
  2104 | D:5      | Found a staircase to the Ecumenical Temple.
  2113 | Temple   | Entered the Ecumenical Temple
  2225 | Temple   | Became a worshipper of Cheibriados the Contemplative
  2387 | D:8      | Reached XP level 9. HP: 41/51 MP: 10/10
  2485 | D:8      | Reached * piety under Cheibriados
  2564 | D:9      | Noticed a two-headed ogre
  2573 | D:9      | Killed a two-headed ogre
  2598 | D:9      | Found a staircase to the Lair.
  2613 | D:9      | Noticed a troll
  2619 | D:9      | Killed a troll
  2650 | D:9      | Slain by an orc warrior

Vault maps used:
D:1:      dpeg_arrival_round_a
D:2:      zin_treasury, yredelemnul_altar_generic, lemuel_crystal_altar,
          feat_on_display
D:4:      first_bread, serial_shops, shop
D:5:      lemuel_doored_altar, minmay_temple_entry_poolview,
          lemuel_flame_loot_1, uniq_grinder, uniq_crazy_yiuf_cottage
D:6:      nicolae_dithmenos_the_darkroom, uniq_menkaure
D:7:      marbit_many_paths, uniq_duvessa
D:8:      the_bakery
D:9:      kennysheep_mini, lair_0_dummy, erik_orc_2, uniq_pikel
Temple:   nicolae_temple_figure_eight

Skill      XL: |  1  2  3  4  5  6  7  8  9 |
---------------+----------------------------+-----
Unarmed Combat | 1 2 3 4 5 6 7 8 |  8.4
Shields        | 3 5 7 |  7.0
Necromancy     | 5 7 |  7.0
Dodging        | |  2.0
Stealth        | |  2.6
Spellcasting   | |  2.0

Action                   |  1- 3 |  4- 6 |  7- 9 || total
-------------------------+-------+-------+-------++-------
Melee: Unarmed           |     6 |       |    27 ||    33
       Constrict         |     2 |     4 |    31 ||    37
       Punch             |     1 |     1 |     6 ||     8
       Flail             |     5 |    27 |    47 ||    79
       Tentacles         |       |     7 |    36 ||    43
       Dagger            |       |       |   105 ||   105
 Cast: Pain              |    14 |    18 |    22 ||    54
       Animate Skeleton  |     3 |     1 |    17 ||    21
       Regeneration      |       |     4 |    27 ||    31
Evoke: Wand              |       |     1 |    10 ||    11
  Use: Scroll            |     3 |     2 |       ||     5
       Potion            |       |     1 |     3 ||     4
 Stab: Sleeping          |       |       |     7 ||     7
       Distracted        |       |       |     1 ||     1
  Eat: Chunk             |       |     1 |    14 ||    15
Armor: Skin              |     2 |    20 |    32 ||    54
Dodge: Dodged            |     5 |    20 |   159 ||   184
